 Dungeon Crawl Stone Soup version 0.30.1-9-gdf580d7c3d (webtiles) character file.

Game seed: 1699379396771969102

42 lonewolfV2 the Trooper (level 3, 0/43 HPs)
             Began as a Demonspawn Berserker on Oct 25, 2023.
             Was a Follower of Trog.
             Slain by Crazy Yiuf
             ... wielding a +3 quarterstaff of chaos
              (3 damage)
             ... on level 2 of the Dungeon.
             The game lasted 00:04:38 (2185 turns).

lonewolfV2 the Trooper (Demonspawn Berserker)       Turns: 2185, Time: 00:04:39

Health: 0/43       AC: 13    Str: 19    XL:     3   Next: 35%
Magic:  3/3        EV:  6    Int:  8    God:    Trog [*.....]
Gold:   100        SH:  0    Dex: 12    Spells: 2/2 levels left

rFire   . . .        a - +0 hand axe
rCold   . . .        (no shield)
rNeg    + . .        g - +0 plate armour
rPois   .            (no helmet)
rElec   .            k - +1 cloak
rCorr   .            (no gloves)
SInv    .            (no boots)
Will    .....        (no amulet) Stlth
                     l - ring of positive energy
HPRegen 0.27/turn    (no ring)
MPRegen 0.08/turn

%: no passive effects
@: berserking, lethally poisoned (0 -> -15), very quick
A: claws 1, powered by pain 1
a: Renounce Religion, Berserk


You were on level 2 of the Dungeon.
You worshipped Trog.
Trog was aware of your devotion.
You visited 1 branch of the dungeon, and saw 2 of its levels.

You collected 100 gold pieces.

Inventory:

Hand Weapons
 a - a +0 hand axe (weapon)
Armour
 g - a +0 plate armour (worn)
 k - a +1 cloak (worn)
Jewellery
 l - a ring of positive energy (left claw)
Scrolls
 d - a scroll of brand weapon {unknown}
 e - 3 scrolls of identify
Potions
 c - a potion of mutation {unknown}
 f - a potion of haste
 h - a potion of flight
 i - 2 potions of cancellation {unknown}
 j - 2 potions of berserk rage {unknown}


   Skills:
 + Level 3.3 Fighting
 - Level 2.6 Axes
 * Level 2.5 Armour
 * Level 2.5 Dodging


You had 2 spell levels left.
You didn't know any spells.
Your spell library was empty.

Dungeon Overview and Level Annotations

Branches:
Dungeon (2/15)

Altars:

Annotations:
D:2 Crazy Yiuf


Innate Abilities, Weirdness & Mutations

You have sharp fingernails.
You sometimes gain a little power by taking damage.


Message History

The hobgoblin hits you but does no damage.
You hit the hobgoblin.
The hobgoblin is almost dead.
The hobgoblin hits you but does no damage. x2
You hit the hobgoblin.
You kill the hobgoblin!
Trog accepts your kill.
l - a ring of positive energy
l - a ring of positive energy (left claw)
You drop a +0 animal skin.
Found a stone staircase leading down.
There is a stone staircase leading down here.
Found 4 stones.
Found a stone staircase leading down.
Found a hammer.
Found a runed translucent door.
Crazy Yiuf shouts!
Crazy Yiuf grits, "Snower unthinkable green!"
Crazy Yiuf screams, "Island senile turtle!"
You open the door. You hit Crazy Yiuf but do no damage.
Crazy Yiuf hits you with a +3 quarterstaff of chaos!
You are poisoned.
You slash Crazy Yiuf! You claw Crazy Yiuf.
Crazy Yiuf is heavily wounded.
You feel very sick. Crazy Yiuf barely misses you.
Crazy Yiuf hits you with a +3 quarterstaff of chaos.
You are lethally poisoned!
You hit Crazy Yiuf but do no damage.
Crazy Yiuf is heavily wounded.
* * * LOW HITPOINT WARNING * * *
You feel extremely sick.
Crazy Yiuf says, "Hack!"
Crazy Yiuf barely misses you.
A red film seems to cover your vision as you go berserk!
You feel yourself moving faster!
You feel mighty!
* * * LOW HITPOINT WARNING * * *
You feel very sick.
Crazy Yiuf hits you with a +3 quarterstaff of chaos.
You die...

### ♣♣#### ##### ## #)..#♣♣
♣♣....###...# .#########
#...g@♣♣♣♣......##.(.#
.#.......#
#...#♣..♣.......##....
.#.......# ###
♣♣♣.♣....#.##>..# .#.......#
♣♣♣♣♣###....... .#.......#
##.#...#
.#.......##############
#.#...#
.#................#.#.#
#.#####
.#######+#'#..#.###.#.#####.#
.# #.#..###.....#.......#


You could see Crazy Yiuf.

Vanquished Creatures
  A worm (D:2)
  2 dart slugs (D:2)
  4 bats
  A giant cockroach (D:2)
  3 goblins
  5 hobgoblins
  3 jackals (D:1)
  4 kobolds (D:1)
  3 quokkas
  2 frilled lizards (D:2)
  3 rats (D:1)
31 creatures vanquished.

Notes
Turn   | Place    | Note
-------+----------+-------------------------------------------
     0 | D:1      | lonewolfV2 the Demonspawn Berserker began the quest for the
                  | Orb.
     0 | D:1      | Reached XP level 1. HP: 18/18 MP: 1/1
   171 | D:1      | Discovered your monstrous ancestry.
   171 | D:1      | Gained mutation: You have sharp fingernails. [demonic
                  | ancestry]
   171 | D:1      | Reached XP level 2. HP: 13/24 MP: 2/2
  1264 | D:2      | Gained mutation: You sometimes gain a little power by
                  | taking damage. [demonic ancestry]
  1264 | D:2      | Reached XP level 3. HP: 29/29 MP: 3/3
  1546 | D:2      | Found a faded altar of an unknown god.
  2177 | D:2      | Found a runed translucent door.
  2178 | D:2      | Noticed Crazy Yiuf
  2185 | D:2      | Slain by Crazy Yiuf

Illustrated notes

Levels and vault maps discovered:
D:1:      saegor_arrival_miasma, layout_loops_ring
D:2:      layout_basic, serial_curves, eino_curves_01, eino_curves_04,
          eino_curves_04, dreamdust_ecumenical_altar_grove,
          uniq_crazy_yiuf_cottage

Skill      XL: |  1 |
---------------+----+-----
Armour         | 2 |  2.5
Dodging        | 2 |  2.5
Fighting       | |  3.3
Axes           | |  2.6

Action                     || total
---------------------------++-------
  Melee: Hand axe          ||   130
         Punch             ||     1
 Invoke: Berserk           ||     1
    Use: Scroll            ||     4
 Armour: Animal skin       ||    22
         Plate armour      ||    38
  Dodge: Dodged            ||    67
